 Dungeon Crawl Stone Soup version 0.23-a0-644-gb60d84b (webtiles) character file.

363 Borgoz the Chopper (level 6, 0/56 HPs)
             Began as a Hill Orc Monk on Jan 1, 2019.
             Slain by a killer bee zombie (5 damage)
             ... on level 5 of the Dungeon.
             The game lasted 00:09:23 (5046 turns).

Borgoz the Chopper (Hill Orc Monk)                  Turns: 5046, Time: 00:09:24

Health: 0/56       AC:  5    Str: 14    XL:     6   Next: 67%
Magic:  6/6        EV: 14    Int: 10    God:
Gold:   217        SH:  0    Dex: 15    Spells: 5/5 levels left

rFire    . . .     SeeInvis .   b - +0 broad axe
rCold    . . .     Gourm    .   (no shield)
rNeg     . . .     Faith    .   q - +1 robe
rPois    .         Spirit   .   (no helmet)
rElec    .         Reflect  .   d - scarf {cloud immunity}
rCorr    .         Harm     .   B - +1 pair of gloves
MR       .....                  (no boots)
Stlth    +++.......             (no amulet)
HPRegen  0.18/turn              g - ring of stealth
MPRegen  0.10/turn              (no ring)

@: drained
A: no striking features
a: no special abilities


You were on level 5 of the Dungeon.
You were not hungry.

You visited 1 branch of the dungeon, and saw 5 of its levels.

You collected 217 gold pieces.

Inventory:

Hand Weapons
 a - a +1 dagger of draining
 b - a +0 broad axe (weapon)
 u - a +2 quarterstaff of chaos
 y - a +0 hand axe
Missiles
 k - 2 needles of paralysis
 s - 39 poisoned needles
Armour
 d - a scarf of cloud immunity (worn)
 q - a +1 robe (worn)
 B - a +1 pair of gloves (worn)
Jewellery
 g - a ring of stealth (left hand)
 l - an uncursed ring of fire
 n - an uncursed ring of ice
Wands
 e - a wand of random effects (13)
 v - a wand of flame (19)
 w - a wand of scattershot (5)
 A - a wand of polymorph (5)
Scrolls
 f - 2 scrolls of identify
 j - 2 scrolls of enchant armour
 m - 2 scrolls of fog {unknown}
 r - 3 scrolls of teleportation
 t - 2 scrolls of remove curse
 C - a scroll of magic mapping
Potions
 h - a potion of haste {unknown}
 i - a potion of resistance {unknown}
 o - a potion of ambrosia {unknown}
 p - 3 potions of cancellation
 z - a potion of curing
Comestibles
 c - 7 rations


   Skills:
 + Level 5.3(5.2) Fighting
 + Level 5.9(5.8) Axes
 + Level 3.6(3.5) Dodging
 + Level 3.3(3.2) Stealth


You had 5 spell levels left.
You didn't know any spells.
Your spell library contained the following spells:

 Spells                   Type           Power        Failure   Level  Hunger
 Magic Dart               Conj           #...         36%         1    ##.....
 Searing Ray              Conj           #.....       50%         2    ###....
 Dazzling Spray           Conj/Hex       #.....       75%         3    ####...
 Force Lance              Conj/Tloc      #.......     98%         4    #####..
 Fulminant Prism          Conj/Hex       #.........   98%         4    #####..
 Iskenderun's Mystic Bla  Conj           #.......     98%         4    #####..


Dungeon Overview and Level Annotations

Branches:
Dungeon (5/15)
 Temple: D:4-7

Altars:
Ashenzari
Cheibriados
Qazlal
Sif Muna
Trog
Vehumet
Yredelemnul

Annotations:
D:4 1 runed door, Regeox's ghost, amateur HOFi


Message History

* * * LOW HITPOINT WARNING * * *
You feel better. The killer bee zombie misses you.
The killer bee zombie barely misses you.
You hit the killer bee zombie.
The killer bee zombie is heavily damaged.
The killer bee zombie hits you!
* * * LOW HITPOINT WARNING * * *
The killer bee zombie misses you. x2
You slash the killer bee zombie!
The killer bee zombie is severely damaged.
The killer bee zombie barely misses you.
The killer bee zombie hits you but does no damage.
You miss the killer bee zombie.
The killer bee zombie is severely damaged.
The killer bee zombie hits you.
* * * LOW HITPOINT WARNING * * *
The killer bee zombie barely misses you.
It was a potion of magic.
Magic courses through your body. The killer bee zombie hits you.
You die...

#.####........# #
#.# +.?......##..
#.#.##...........#
#.#.......†......#
#.###..†.))......#
#.# #............#
#.# #.#'#oo......#
#.# #.#.#Z###....#
#.# #.#.#@# .....
#.# #...........
#.# #>..........
#.# .(...#.......
#.# #####.#......
#.# ......### #.#
... ..# #.# ...
..# #.#######+#+#


You could see an orc warrior, an orc and a killer bee zombie.

Vanquished Creatures
  2 scorpions
  Crazy Yiuf (D:2)
  Ijyb (D:3)
  2 worker ants (D:4)
  A hound skeleton (D:4)
  5 adders (D:2)
  5 worms
  2 dart slugs
  3 leopard geckos
  9 orcs
  6 ball pythons
  3 giant cockroaches
  6 goblins
  4 hobgoblins
  4 jackals (D:2)
  8 kobolds
  A quokka (D:5)
  15 bats
  3 frilled lizards
  11 rats
92 creatures vanquished.

Notes
Turn   | Place    | Note
-------+----------+-------------------------------------------
     0 | D:1      | Borgoz the Hill Orc Monk began the quest for the Orb.
     0 | D:1      | Reached XP level 1. HP: 19/19 MP: 1/1
   323 | D:1      | Reached XP level 2. HP: 27/27 MP: 2/2
  1130 | D:2      | Reached XP level 3. HP: 27/33 MP: 3/3
  1459 | D:2      | Reached XP level 4. HP: 38/40 MP: 4/4
  2052 | D:2      | Reached skill level 5 in Axes
  2193 | D:2      | Found a bloodstained altar of Trog.
  2254 | D:2      | Found a runed door.
  2258 | D:2      | Noticed Crazy Yiuf
  2271 | D:2      | Killed Crazy Yiuf
  2271 | D:2      | Reached XP level 5. HP: 15/47 MP: 5/5
  3272 | D:3      | Noticed Ijyb
  3287 | D:3      | Killed Ijyb
  3638 | D:4      | Reached skill level 5 in Fighting
  3638 | D:4      | Reached XP level 6. HP: 33/56 MP: 6/6
  3865 | D:4      | Found a runed door.
  3865 | D:4      | Noticed Regeox's ghost (amateur HOFi)
  4080 | D:4      | Found the +8 trident of the Octopus King {venom, rElec
                  | rPois MR+}
  4447 | D:4      | Found a snail-covered altar of Cheibriados.
  4447 | D:4      | Found a stormy altar of Qazlal.
  4447 | D:4      | Found a deep blue altar of Sif Muna.
  4447 | D:4      | Found a shattered altar of Ashenzari.
  4453 | D:4      | Found a basalt altar of Yredelemnul.
  4453 | D:4      | Found a radiant altar of Vehumet.
  4907 | D:5      | Entered Level 5 of the Dungeon
  5028 | D:5      | Noticed an orc warrior
  5046 | D:5      | Slain by a killer bee zombie

Vault maps used:
D:1:      onia_arrival_handbag
D:2:      marbit_many_paths, first_ration, minmay_pentomino_pile,
          uniq_crazy_yiuf_cottage
D:3:      roderic_batcave, uniq_ijyb
D:4:      minmay_overflow_temple_hex, hellmonk_ghost_happy_afterlife,
          minivault_24
D:5:      serial_shops, shop_fountains

Skill      XL: |  1  2  3  4  5 |
---------------+----------------+-----
Fighting       | 4 5 |  5.3
Stealth        | 2 3 |  3.3
Dodging        | 3 |  3.6
Axes           | 5 |  5.9

Action                   |  1- 3 |  4- 6 || total
-------------------------+-------+-------++-------
Melee: Hand axe          |   108 |   173 ||   281
       Broad axe         |       |    51 ||    51
       Dagger            |       |    27 ||    27
  Use: Scroll            |       |     9 ||     9
       Potion            |       |     2 ||     2
 Stab: Sleeping          |    13 |     8 ||    21
  Eat: Chunk             |     1 |    10 ||    11
       Ration            |       |     1 ||     1
Armor: Robe              |    23 |    46 ||    69
Dodge: Dodged            |    89 |   251 ||   340

Table legend:
 A = Non-vault XP
 B = Vault XP
 C = Vault XP percentage of total XP
 D = Non-vault monster count
 E = Vault monster count
 F = Vault count percentage of total count
                 A         B        C        D         E       F
            +---------+---------+-------+---------+---------+-------
      Total |     415 |     104 |  20.0 |      75 |      17 |  18.5
            +---------+---------+-------+---------+---------+-------
        D:1 |      25 |       5 |  16.7 |      17 |       4 |  19.0
        D:2 |     111 |      55 |  33.1 |      32 |       5 |  13.5
        D:3 |      25 |      44 |  63.8 |       9 |       8 |  47.1
        D:4 |     167 |       0 |   0.0 |      10 |       0 |   0.0
        D:5 |      87 |       0 |   0.0 |       7 |       0 |   0.0
            +---------+---------+-------+---------+---------+-------
